 Dungeon Crawl Stone Soup version 0.29-a0-509-g793eeb5391 (webtiles) character file.

Game seed: 4830254584628318462

247 Morbidden the Conjurer (level 6, 0/41 HPs)
             Began as an Octopode Conjurer on May 29, 2022.
             Was a Follower of Trog.
             Slain by Grinder (3 damage)
             ... on level 3 of the Dungeon.
             The game lasted 00:02:59 (3434 turns).

Morbidden the Conjurer (Octopode Conjurer)          Turns: 3434, Time: 00:03:00

Health: 0/41       AC:  1    Str:  3 (6)  XL:     6   Next: 11%
Magic:  9/9        EV: 13    Int: 21 (23) God:    Trog [*.....]
Gold:   136        SH:  0    Dex:  8 (10) Spells: 6/9 levels left

rFire   . . .      SeeInvis .     - Unarmed
rCold   . . .      Faith    .   (no shield)
rNeg    . . .      Spirit   .   (helmet restricted)
rPois   .          Reflect  .   (no amulet)
rElec   .          Harm     .   (no ring)
rCorr   .          Rampage  .   (no ring)
Will    .....                   (no ring)
Stlth   +++.......              (no ring)
HPRegen 0.13/turn               (no ring)
MPRegen 0.11/turn               (no ring)
                                (no ring)
                                (no ring)

@: on berserk cooldown
A: almost no armour, amphibious, 8 rings, camouflage 1, gelatinous body 1,
(nimble swimmer 1), tentacles
a: Renounce Religion, Berserk


You were on level 3 of the Dungeon.
You worshipped Trog.
Trog was aware of your devotion.
You visited 1 branch of the dungeon, and saw 3 of its levels.

You collected 136 gold pieces.

Inventory:

Scrolls
 b - 7 scrolls of identify {unknown}
 c - 2 scrolls of enchant weapon {unknown}
 d - a scroll of silence {unknown}
 e - 2 scrolls of teleportation {unknown}
 g - 4 scrolls of fear {unknown}
 h - a scroll of enchant armour {unknown}
 i - a scroll of amnesia {unknown}
 k - a scroll of magic mapping {unknown}
 m - a scroll of poison {unknown}
Potions
 a - 2 potions of magic
 f - 2 potions of haste
 j - a potion of degeneration
 n - 3 potions of brilliance
 o - a potion of invisibility {unknown}


   Skills:
 * Level 2.7 Fighting
 * Level 3.3 Dodging
 + Level 3.3 Stealth
 * Level 2.4 Unarmed Combat
 - Level 2.2 Spellcasting
 - Level 4.7 Conjurations


You had 6 spell levels left.
You knew the following spells:

 Your Spells              Type           Power      Damage    Failure   Level
a - Magic Dart            Conj           88%        1d7       1%          1
b - Searing Ray           Conj           44%        2d6       3%          2

Your spell library contained the following spells:

 Spells                   Type           Power      Damage    Failure   Level
 Dazzling Flash           Conj/Hex       24%        N/A       16%         3
 Fulminant Prism          Conj/Hex       6%         3d7       47%         4
 Iskenderun's Mystic Bla  Conj/Tloc      12%        2d5       47%         4
 Lee's Rapid Deconstruct  Erth           1%         3d5*      99%         5


Dungeon Overview and Level Annotations

Branches:
Dungeon (3/15)

Altars:
Nemelex Xobeh
Trog

Annotations:
D:3 1 runed translucent door, Crazy Yiuf, Grinder


Innate Abilities, Weirdness & Mutations

You cannot wear most types of armour.
You are amphibious.
You can wear up to eight rings at the same time.
Your skin changes colour to match your surroundings (Stealth+).
Your rubbery body absorbs attacks. (AC +1, EV +1)
((You are camouflaged when in or above water. (Stealth+)))
You have tentacles for arms and can constrict up to eight enemies at once.


Message History

You barely resist.
You can move again.
Unknown command.
Unknown command.
Unknown command.
You tentacle-slap Grinder. Your grab misses Grinder.
Grinder is heavily wounded.
Grinder hits you.
You writhe in agony.
Unknown command.
You barely miss Grinder. You grab Grinder. You squeeze Grinder.
Grinder is heavily wounded.
You constrict Grinder, but do no damage.
Grinder hits you.
* * * LOW HITPOINT WARNING * * *
You writhe in agony.
* * * LOW HITPOINT WARNING * * *
Grinder blinks free!
A hobgoblin comes into view.
Unknown command.
It was a potion of haste.
You feel yourself speed up. Grinder barely misses you.
Unknown command.
It was a potion of degeneration.
There was something very wrong with that liquid.
You feel weakened.
You feel dopey.
You feel clumsy. Grinder closely misses you.
Unknown command.
It was a potion of brilliance.
You feel clever all of a sudden. Grinder closely misses you.
Unknown command.
It was a potion of cancellation.
Your magical effects are unravelling.
You feel magically purged.
You feel yourself speed up.
You feel yourself slow down.
You feel a little less clever now. Grinder hits you.
* * * LOW HITPOINT WARNING * * *
You writhe in agony.
You die...

#.....##.....#....#########
#..#####.#.##.###.........#
#..# #.#.##.###########.#
#..# #.....<#.. ........#
#..# ###.#..#.# ######..#
###..# #.#[.#.## #......
#....#######.#...>.# #.##..#
#?##.........5...#.####.##..#
#. #..######@#...#..<##......
# #...........#####....##..#
##.########...#...##.##..#
#.# #...#.####.##..# #5#
###.....####.##... #..
.....#............ ###
####.....###.###...
.........###.###.##
##................


You could see Grinder.

Vanquished Creatures
  Sigmund (D:3)
  An adder (D:2)
  A worm (D:2)
  3 dart slugs
  12 ball pythons
  2 bats
  4 endoplasms
  3 giant cockroaches
  4 goblins
  8 hobgoblins
  5 jackals
  2 quokkas
  5 frilled lizards
  6 kobolds
  5 rats
62 creatures vanquished.

Notes
Turn   | Place    | Note
-------+----------+-------------------------------------------
     0 | D:1      | Morbidden the Octopode Conjurer began the quest for the
                  | Orb.
     0 | D:1      | Reached XP level 1. HP: 11/11 MP: 3/3
   302 | D:1      | Reached XP level 2. HP: 18/18 MP: 3/5
   413 | D:1      | Reached skill level 1 in Fighting
   928 | D:1      | Reached XP level 3. HP: 23/23 MP: 4/6
  1202 | D:1      | Learned a level 2 spell: Searing Ray
  1731 | D:2      | Reached skill level 1 in Unarmed Combat
  2199 | D:2      | Reached XP level 4. HP: 28/28 MP: 5/7
  2499 | D:2      | Found a faded altar of an unknown god.
  2517 | D:2      | Prayed at the altar of an unknown god.
  2517 | D:2      | Became a worshipper of Trog the Wrathful
  2517 | D:2      | Reached * piety under Trog
  2693 | D:3      | Noticed Sigmund
  2709 | D:3      | Killed Sigmund
  2710 | D:3      | Reached XP level 5. HP: 27/35 MP: 8/8
  2710 | D:3      | Reached XP level 6. HP: 31/41 MP: 9/9
  3220 | D:3      | Found a sparkling altar of Nemelex Xobeh.
  3316 | D:3      | Found a runed translucent door.
  3317 | D:3      | Noticed Crazy Yiuf
  3407 | D:3      | Noticed Grinder
  3424 | D:3      | Paralysed by Grinder for 3 turns
  3434 | D:3      | Slain by Grinder

Illustrated notes

Levels and vault maps discovered:
D:1:      nicolae_arrival_somewhat_less_tricky_arrival, layout_loops_ring
D:2:      layout_basic, ebering_ecumenical_altar_hall, solitary_fountain
D:3:      kennysheep_big_flooded_room, layout_loops_ring,
          nemelex_xobeh_ov_fountains_minmay, chequers_avenue, uniq_grinder,
          uniq_crazy_yiuf_cottage, uniq_sigmund

Skill      XL: |  1  2  3  4 |
---------------+-------------+-----
Fighting       | 1 2 |  2.7
Unarmed Combat | 1 2 |  2.4
Dodging        | 3 |  3.3
Stealth        | 3 |  3.3
Spellcasting   | |  2.2
Conjurations   | |  4.7

Action                   |  1- 3 |  4- 6 || total
-------------------------+-------+-------++-------
Melee: Unarmed           |     1 |    56 ||    57
       Tentacles         |     1 |    13 ||    14
       Constrict         |     1 |    12 ||    13
       Punch             |       |     1 ||     1
 Cast: Magic Dart        |    84 |     7 ||    91
Invok: Berserk           |       |     2 ||     2
  Use: Potion            |       |     4 ||     4
 Stab: Distracted        |       |     1 ||     1
       Sleeping          |       |     5 ||     5
Armor: Skin              |     1 |     1 ||     2
Dodge: Dodged            |     8 |    21 ||    29

Table legend: (Time is in decaauts)
 A = Elapsed time spent in this place.
 B = Non-inter-level travel time spent in this place.
 C = Inter-level travel time spent in this place.
 D = Time resting spent in this place.
 E = Time spent auto-exploring this place.
 F = Levels seen in this place.
 G = Mean time per level.
                   A        B        C        D        E       F      G
               +--------+--------+--------+--------+--------+-----+--------+
         Total |   3447 |   3377 |     70 |     59 |   2970 |   3 | 1149.0 |
       Dungeon |   3447 |   3377 |     70 |     59 |   2970 |   3 | 1149.0 |
               +--------+--------+--------+--------+--------+-----+--------+

Top non-repeatable levels by time:
     D:2: 1343 daAuts
     D:1: 1224 daAuts
     D:3: 879 daAuts
